General information
- name: BNet
- type: Ladder team game (AT/RT)
- host: Battle.net
- saver: brucewillisusa
map: MarketSquare
- players: 8
- length: 10:17
- speed: Fast
- version: 1.24 W3XP
- replay type: Public
» download(49 KB)
Players
team 1 (loser)
418 (
blue | 0 APM | 1 actions | 10:16)
s3.SYIXTEST (
yellow | 60 APM | 292 actions | 04:49)
1 Priestess of the Moon
1 Searing Arrows
» actions
| Assign group hotkey | 21 | |
| Build / train | 18 | |
| Enter build submenu | 10 | |
| Enter hero's abilities submenu | 1 | |
| Right click | 163 | |
| Select / deselect | 60 | |
| Select group hotkey | 7 | |
| Use ability | 12 | |
292 total
» units
» buildings
| Altar of Elders | 1 | |
| Moon Well | 3 | |
| Hunter's Hall | 1 | |
| Ancient of War | 3 | |
| Ancient of Wonders | 1 | |
9 total
» build order
00:07 Altar of Elders
00:20 Moon Well
01:25 Hunter's Hall
02:03 Ancient of War
02:10 Ancient of War
02:13 Ancient of War
02:27 Moon Well
02:28 Moon Well
02:40 Ancient of Wonders
Security) (
teal | 92 APM | 434 actions | 04:43)
2 Death Knight
1 Death Coil
1 Unholy Aura
» actions
| Assign group hotkey | 4 | |
| Basic commands | 4 | |
| Build / train | 17 | |
| Enter build submenu | 9 | |
| Enter hero's abilities submenu | 2 | |
| Right click | 204 | |
| Select / deselect | 80 | |
| Select group hotkey | 104 | |
| Use ability | 10 | |
434 total
» units
» buildings
| Altar of Darkness | 1 | |
| Ziggurat | 3 | |
| Crypt | 1 | |
| Tomb of Relics | 1 | |
6 total
» build order
00:07 Altar of Darkness
00:09 Ziggurat
00:36 Crypt
01:05 Ziggurat
01:19 Tomb of Relics
03:37 Ziggurat
» items

»
Eyes.Of.Light (
orange | 42 APM | 186 actions | 04:24)
1 Far Seer
1 Feral Spirit
» actions
| Build / train | 14 | |
| Enter build submenu | 5 | |
| Enter hero's abilities submenu | 1 | |
| Remove unit from queue | 1 | |
| Right click | 105 | |
| Select / deselect | 51 | |
| Use ability | 9 | |
186 total
» units
» buildings
| Altar of Storms | 1 | |
| Orc Burrow | 3 | |
| War Mill | 1 | |
| Stronghold | 2 | |
7 total
» build order
00:10 Altar of Storms
00:13 Orc Burrow
01:30 War Mill
02:23 Stronghold
02:26 Orc Burrow
03:44 Orc Burrow
team 2 (winner)

»
oldmoney7 (
pink | 19 APM | 198 actions | 10:16)
1 Mountain King
1 Storm Bolt
» actions
| Assign group hotkey | 4 | |
| Build / train | 19 | |
| Enter build submenu | 11 | |
| Enter hero's abilities submenu | 1 | |
| Right click | 78 | |
| Select / deselect | 53 | |
| Select group hotkey | 18 | |
| Use ability | 14 | |
198 total
» units
» buildings
| Altar of Kings | 1 | |
| Farm | 6 | |
| Scout Tower | 1 | |
| Barracks | 2 | |
| Arcane Tower | 1 | |
| Keep | 1 | |
12 total
» build order
01:33 Altar of Kings
01:34 Farm
02:13 Scout Tower
02:23 Barracks
02:27 Barracks
03:04 Farm
03:08 Farm
03:20 Arcane Tower
03:23 Farm
04:11 Farm
05:07 Keep
05:10 Farm

»
brucewillisusa (
green | 69 APM | 711 actions | 10:17)
4 Priestess of the Moon
2 Searing Arrows
2 Trueshot Aura
» actions
| Assign group hotkey | 63 | |
| Basic commands | 14 | |
| Build / train | 30 | |
| Enter build submenu | 11 | |
| Enter hero's abilities submenu | 4 | |
| Right click | 347 | |
| Select / deselect | 84 | |
| Select group hotkey | 138 | |
| Use ability | 20 | |
711 total
» units
» upgrades
» buildings
| Altar of Elders | 1 | |
| Moon Well | 7 | |
| Hunter's Hall | 1 | |
| Ancient of War | 2 | |
| Tree of Ages | 1 | |
| Tree of Eternity | 1 | |
13 total
» build order
00:07 Altar of Elders
00:10 Moon Well
01:30 Hunter's Hall
01:44 Moon Well
01:48 Ancient of War
02:05 Ancient of War
02:17 Moon Well
02:31 Moon Well
03:59 Moon Well
04:47 Tree of Ages
07:49 Tree of Eternity
07:51 Moon Well
08:11 Moon Well
Re-Invictus (
red | 66 APM | 677 actions | 10:16)
3 Archmage
2 Summon Water Elemental
1 Brilliance Aura
» actions
| Assign group hotkey | 27 | |
| Basic commands | 5 | |
| Build / train | 53 | |
| Enter build submenu | 14 | |
| Enter hero's abilities submenu | 3 | |
| Remove unit from queue | 1 | |
| Right click | 216 | |
| Select / deselect | 97 | |
| Select group hotkey | 229 | |
| Use ability | 32 | |
677 total
» units
| Peasant | 9 | |
| Footman | 21 | |
| Rifleman | 5 | |
35 total
» upgrades
| Defend | 1 | |
| Long Rifles | 1 | |
| Swords | 1 | |
3 total
» buildings
| Altar of Kings | 1 | |
| Farm | 10 | |
| Barracks | 2 | |
| Keep | 4 | |
| Arcane Vault | 1 | |
| Blacksmith | 1 | |
19 total
» build order
00:08 Altar of Kings
00:20 Farm
00:37 Farm
00:39 Barracks
01:33 Farm
01:55 Farm
03:03 Keep
03:03 Keep
03:03 Keep
03:53 Arcane Vault
05:11 Barracks
05:19 Farm
05:20 Farm
06:01 Blacksmith
06:09 Farm
06:10 Farm
06:12 Farm
06:13 Farm
» items
| Scroll of Regeneration | 2 | |
| Lesser Clarity Potion | 1 | |
3 total

»
New_br (
purple | 36 APM | 368 actions | 10:16)
3 Death Knight
1 Death Coil
2 Unholy Aura
» actions
| Assign group hotkey | 4 | |
| Build / train | 25 | |
| Enter build submenu | 10 | |
| Enter hero's abilities submenu | 3 | |
| Remove unit from queue | 1 | |
| Right click | 217 | |
| Select / deselect | 69 | |
| Select group hotkey | 20 | |
| Use ability | 19 | |
368 total
» units
| Acolyte | 7 | |
| Ghoul | 3 | |
| Crypt Fiend | 5 | |
15 total
» upgrades
| Creature Attack | 1 | |
| Creature Carapace | 1 | |
2 total
» buildings
| Graveyard | 1 | |
| Ziggurat | 3 | |
| Altar of Darkness | 1 | |
| Crypt | 2 | |
| Tomb of Relics | 1 | |
| Nerubian Tower | 1 | |
| Necropolis | 1 | |
| Halls of the Dead | 1 | |
11 total
» build order
00:39 Graveyard
00:57 Ziggurat
01:04 Altar of Darkness
01:13 Crypt
01:25 Ziggurat
01:50 Tomb of Relics
01:55 Nerubian Tower
02:28 Ziggurat
03:58 Crypt
07:31 Necropolis
09:07 Halls of the Dead
» items
Chat log
(00:17 / All) brucewillisusa: backstab 418 hes a maphacker
(00:24 / All) Security): so
(00:28 / All) Security): he can go ahead and maphack
(00:32 / All) Security): free wins are fine by me
(00:33 / All) s3.SYIXTEST: lol
(00:34 / All) brucewillisusa: fine then i will too
(00:35 / All) Eyes.Of.Light: and?
(00:45 / All) s3.SYIXTEST: I maphack all day long with ym
(00:46 / All) Security): backstab green, he is also a maphacker?
(00:54 / All) Security): lol
(01:02 / All) Security): "backstab 418 cuz he hacks, even though I hack too"
(01:04 / Allies) brucewillisusa: 418 is afk too
(01:06 / Allies) brucewillisusa: so dont give up
(01:37 / All) brucewillisusa: actualyl 418 lieks to afk for half the geam
(01:39 / All) brucewillisusa: then come back and backstab
(01:41 / All) Eyes.Of.Light: DO as i say, not as i do
(01:57 / All) Security): yawn
(02:01 / All) Security): green really is a maphacker
(02:12 / All) Eyes.Of.Light: i cried a little...really
(02:12 / All) Security): what hero do I have green?
(02:20 / All) brucewillisusa: prolly dk
(02:24 / All) brucewillisusa: u sound like cookie cutting scum
(02:31 / All) Security): yawn lol
(04:11 / Allies) Re-Invictus: rofl
(04:12 / Allies) New_br: lol
(04:13 / Allies) New_br: afk
(04:31 / All) Re-Invictus: lol bye
(04:39 / All) Security): maphack scrub
(04:42 / All) brucewillisusa: noob
(04:42 / All) brucewillisusa: gtfo
(04:49 / All) brucewillisusa: raped rofl
(04:50 / All) brucewillisusa: hackers up
(04:52 / All) brucewillisusa: stne down
(05:05 / All) brucewillisusa: POSTED
(05:06 / All) brucewillisusa: POSTED
(05:07 / Allies) brucewillisusa: PSOTED
(05:11 / All) brucewillisusa: posted on HIGH.ERPCH
(05:37 / Allies) Re-Invictus: we have to kill them...
(05:44 / Allies) brucewillisusa: iots only one guy and hes afk
(05:48 / Allies) brucewillisusa: or at least afkign afk
(05:51 / Allies) Re-Invictus: yea...
(06:59 / Allies) Re-Invictus: guys just hit
(07:26 / All) brucewillisusa: pro hackers up
(07:28 / All) brucewillisusa: GGL down
(07:30 / All) brucewillisusa: POSTED
(07:36 / Allies) Re-Invictus: your talking to no one
(07:44 / Allies) brucewillisusa: posted
(08:21 / Allies) brucewillisusa: lol
(09:24 / Allies) brucewillisusa: usualy blue "comes back"{ before game ends
(09:28 / Allies) brucewillisusa: mb he wont htis time tho :[
(09:45 / Allies) brucewillisusa: kill his wisps
(09:50 / Allies) brucewillisusa: for greater glory